 Dungeon Crawl Stone Soup version 0.23-a0-650-ga4d50d4 (webtiles) character file.

3836 TheGoonsmith the Transmogrifier (level 10, -1/74 HPs)
             Began as a Merfolk Transmuter on Jan 3, 2019.
             Was a Follower of Nemelex Xobeh.
             Killed from afar by a deep elf mage (27 damage)
             ... with a bolt of fire
             ... on level 8 of the Dungeon.
             The game lasted 00:16:00 (6345 turns).

TheGoonsmith the Transmogrifier (MfTm)              Turns: 6345, Time: 00:16:01

Health: -1/74      AC:  2    Str: 11    XL:     10   Next: 18%
Magic:  19/19      EV: 24    Int: 15    God:    Nemelex Xobeh [*.....]
Gold:   322        SH:  0    Dex: 20    Spells: 7/21 levels left

rFire    . . .     SeeInvis +     - Unarmed
rCold    . . .     Gourm    .   (shield currently unavailable)
rNeg     . . .     Faith    .   (armour currently unavailable)
rPois    x         Spirit   .   (helmet currently unavailable)
rElec    .         Reflect  .   (cloak currently unavailable)
rCorr    .         Harm     .   (gloves currently unavailable)
MR       .....                  (boots currently unavailable)
Stlth    ++........             (no amulet)
HPRegen  0.22/turn              h - ring of see invisible
MPRegen  0.16/turn              (no ring)

@: spider-form (expiring)
A: tiny, (change form in water), (swift swim), (stealthy swim)
a: End Transformation, Draw Escape, Draw Destruction, Draw Summoning, Renounce
Religion


You were on level 8 of the Dungeon.
You worshipped Nemelex Xobeh.
Nemelex Xobeh was aware of your devotion.
You were not hungry.
You were a venomous arachnid creature.
You visited 2 branches of the dungeon, and saw 8 of its levels.

You collected 322 gold pieces.

Inventory:

Missiles
 a - 93 arrows
 d - 4 throwing nets (quivered)
Armour
 b - a +0 robe
 e - quicksilver dragon scales (melded)
 i - a +1 pair of gloves (melded)
 n - a +1 helmet (melded)
Jewellery
 h - a ring of see invisible (left front leg)
 o - an uncursed amulet of rage
Wands
 g - a wand of scattershot (6)
 j - a wand of acid (7)
 p - a wand of enslavement (10)
 r - a wand of iceblast (9)
 s - a wand of clouds (3)
 x - a wand of flame (11)
Scrolls
 c - 6 scrolls of remove curse
 q - a scroll of amnesia
 y - a scroll of immolation {unknown}
 z - a scroll of fog
Potions
 k - 2 potions of curing
 l - 3 potions of invisibility
 t - a potion of degeneration {unknown}
 u - a potion of might
 v - a potion of mutation
 w - a potion of lignification
 A - a potion of flight {unknown}
Comestibles
 f - 11 rations


   Skills:
 + Level 5.1 Fighting
 - Level 5.2 Dodging
 - Level 8.1 Unarmed Combat
 + Level 6.3 Spellcasting
 + Level 10.0 Transmutations
 - Level 3.0 Poison Magic
 - Level 4.6 Invocations


You had 7 spell levels left.
You knew the following spells:

 Your Spells              Type           Power        Failure   Level  Hunger
a - Blade Hands           Tmut           ####......   17%         5    ######.
b - Sticks to Snakes      Tmut           ####....     3%          2    #......
c - Spider Form           Tmut/Pois      ###.......   11%         3    ##.....
z - Ice Form              Ice/Tmut       ###.....     38%         4    ####...

Your spell library contained the following spells:

 Spells                   Type           Power        Failure   Level  Hunger
 Beastly Appendage        Tmut           ####..       2%          1    None
 Summon Small Mammal      Summ           #...         32%         1    None
 Call Imp                 Summ           #.......     43%         2    #......
 Call Canine Familiar     Summ           #.......     61%         3    ##.....
 Summon Guardian Golem    Hex/Summ       #.......     61%         3    ##.....
 Summon Ice Beast         Ice/Summ       #.......     92%         4    ####...
 Summon Lightning Spire   Summ/Air       #.......     92%         4    ####...


Dungeon Overview and Level Annotations

Branches:
Dungeon (8/15)             Temple (1/1) D:5            Lair (0/6) D:8

Altars:
Ashenzari
Cheibriados
Dithmenos
Elyvilon
Fedhas
Gozag
Hepliaklqana
Kikubaaqudgha
Makhleb
Nemelex Xobeh
Okawaru
Qazlal
Ru
Sif Muna
Trog
Uskayaw
Vehumet
Wu Jian
Xom
Yredelemnul
Zin
The Shining One


Message History

You barely miss the deep elf mage.
You are covered in liquid flames!
The deep elf mage hits you with a +0 dagger.
You hit the deep elf mage but do no damage.
The deep elf mage looks as sick as possible!
The deep elf mage casts a spell at you. The bolt of fire hits you!
Ouch! That really hurt!
* * * LOW HITPOINT WARNING * * *
You are too injured to fight recklessly!
Unknown command.
You feel much better. The deep elf mage casts a spell at you.
The sticky flame misses you.
You closely miss the deep elf mage.
The deep elf mage is lightly wounded.
The deep elf mage gestures at you while chanting.
The bolt of fire hits you!
You die...
Your body disappears without a glow.

#.......#.......P..P
#.......#.>.......P.
#......†............
#.......#.#...#.##..
#.......#.#.###.####
............###.#
###########.....#
#..'$..+ #.#####
#.es...+..#.########
#..'8.%+..#.#.......
#..#+++#..#.#.......
#..#...#..#....# #.
#..#...#..#....# ..
#..#...#..#.#..#.#.
#..#...#..#.#....(.
#..#...#..#........
#.#..8...8..#..###.##


You could see a deep elf mage.

Vanquished Creatures
  A two-headed ogre (D:8)
  Sigmund (D:2)
  A water moccasin (D:8)
  2 porcupines (D:8)
  2 black bears
  4 ice beasts
  3 phantoms
  2 ogres (D:5)
  2 sky beasts
  2 centaurs
  4 bullfrogs
  3 scorpions
  A wyvern skeleton (D:7)
  A crimson imp (D:5)
  A quasit (D:6)
  2 jellies (D:6)
  An orc priest (D:7)
  A centaur skeleton (D:5)
  A worker ant (D:7)
  Terence (D:2)
  A worker ant zombie (D:5)
  5 gnolls
  7 adders
  A shadow imp (D:6)
  An ooze (D:2)
  An adder zombie (D:8)
  A worm (D:3)
  2 leopard geckos
  13 orcs
  12 bats
  8 giant cockroaches
  6 goblins
  4 hobgoblins
  7 kobolds
  4 frilled lizards
  4 rats
113 creatures vanquished.

Vanquished Creatures (collateral kills)
  Harold (D:7)
  A yak (D:8)
  A porcupine (D:8)
  A scorpion (D:8)
  A frilled lizard (D:2)
  A rat (D:2)
6 creatures vanquished.

Vanquished Creatures (others)
  20 fungi (D:8)
  3 plants (D:8)
23 creatures vanquished.

Grand Total: 142 creatures vanquished

Notes
Turn   | Place    | Note
-------+----------+-------------------------------------------
     0 | D:1      | TheGoonsmith the Merfolk Transmuter began the quest for the
                  | Orb.
     0 | D:1      | Reached XP level 1. HP: 15/15 MP: 3/3
   147 | D:1      | Reached XP level 2. HP: 18/21 MP: 3/5
   218 | D:1      | Reached skill level 3 in Transmutations
   502 | D:1      | Reached XP level 3. HP: 22/27 MP: 4/6
   526 | D:1      | Learned a level 2 spell: Sticks to Snakes
   530 | D:1      | Learned a level 3 spell: Spider Form
   619 | D:2      | Noticed a scorpion
   630 | D:2      | Killed a scorpion
   630 | D:2      | Reached XP level 4. HP: 15/33 MP: 0/7
   662 | D:1      | HP: 1/33 [poisoned by a scorpion]
   988 | D:2      | Found a glowing golden altar of the Shining One.
  1000 | D:2      | Found a shimmering altar of Xom.
  1060 | D:2      | Noticed Terence
  1086 | D:2      | Killed Terence
  1335 | D:2      | Reached XP level 5. HP: 39/39 MP: 2/9
  1371 | D:2      | Found a glowing silver altar of Zin.
  1372 | D:2      | Found an ancient bone altar of Kikubaaqudgha.
  1605 | D:2      | Noticed Sigmund
  1628 | D:2      | Killed Sigmund
  1628 | D:2      | Reached skill level 4 in Transmutations
  1628 | D:2      | Reached XP level 6. HP: 20/47 MP: 7/10
  2291 | D:3      | You fall through a shaft for 3 floors!
  2367 | D:6      | Reached skill level 5 in Dodging
  2367 | D:6      | Reached skill level 5 in Unarmed Combat
  2430 | D:6      | Reached XP level 7. HP: 29/52 MP: 2/11
  2629 | D:5      | Entered Level 5 of the Dungeon
  2660 | D:5      | Reached skill level 5 in Transmutations
  2660 | D:5      | Reached skill level 1 in Poison Magic
  2737 | D:5      | Reached skill level 6 in Transmutations
  2941 | D:5      | Found an iron altar of Okawaru.
  2948 | D:5      | Reached XP level 8. HP: 47/58 MP: 9/12
  3055 | D:5      | Found a staircase to the Ecumenical Temple.
  3068 | Temple   | Entered the Ecumenical Temple
  3244 | Temple   | Became a worshipper of Nemelex Xobeh the Trickster
  3495 | D:5      | Received a gift from Nemelex Xobeh
  3672 | D:5      | Reached skill level 1 in Invocations
  3730 | D:6      | Learned a level 4 spell: Ice Form
  3736 | D:6      | Learned a level 5 spell: Blade Hands
  4003 | D:6      | Found a burning altar of Makhleb.
  4317 | D:7      | Reached * piety under Nemelex Xobeh
  4438 | D:7      | Reached skill level 7 in Transmutations
  4604 | D:7      | Reached XP level 9. HP: 54/67 MP: 15/15
  4660 | D:7      | Reached skill level 5 in Fighting
  5298 | D:8      | Noticed Harold
  5324 | D:7      | Killed Harold
  5621 | D:8      | Found a staircase to the Lair.
  5837 | D:8      | Reached skill level 8 in Transmutations
  5862 | D:8      | Reached skill level 5 in Spellcasting
  6175 | D:8      | Noticed a two-headed ogre
  6182 | D:8      | Killed a two-headed ogre
  6182 | D:8      | Reached skill level 9 in Transmutations
  6182 | D:8      | Reached XP level 10. HP: 54/74 MP: 12/19
  6187 | D:8      | Reached skill level 10 in Transmutations
  6336 | D:8      | Noticed a deep elf mage
  6345 | D:8      | Killed from afar by a deep elf mage

Vault maps used:
D:1:      eino_arrival_cavern_a, minivault_24, serial_bayou_crossing
D:2:      minmay_wonky_spiral, minitemple, lemuel_crystal_altar,
          xom_teletrap_fun, uniq_sigmund, uniq_terence
D:3:      first_ration
D:5:      temple_green, basic_altar
D:6:      lightli_temple_of_fire
D:8:      due_lair_maze_entry_diamond, the_bakery, guppyfry_early_elven_hall,
          uniq_harold
Temple:   dpeg_five_rooms_temple

Skill      XL: |  1  2  3  4  5  6  7  8  9 10 |
---------------+-------------------------------+-----
Transmutations | 3 4 6 7 9 10 | 10.0
Dodging        | 3 4 5 |  5.2
Fighting       | 2 3 4 5 |  5.1
Unarmed Combat | 4 5 6 7 8 |  8.1
Spellcasting   | 3 4 6 |  6.3
Poison Magic   | 2 3 |  3.0
Invocations    | 3 4 |  4.6

Action                   |  1- 3 |  4- 6 |  7- 9 | 10-12 || total
-------------------------+-------+-------+-------+-------++-------
Melee: Unarmed           |    38 |   146 |   245 |    17 ||   446
       Headbutt          |     3 |     3 |       |       ||     6
       Punch             |       |       |     1 |       ||     1
 Cast: Beastly Appendage |     9 |     4 |       |       ||    13
       Sticks to Snakes  |     3 |       |       |       ||     3
       Spider Form       |       |    12 |    33 |     2 ||    47
       Blade Hands       |       |       |     1 |       ||     1
 Abil: Draw Summoning    |       |       |     2 |       ||     2
       Draw Escape       |       |       |     1 |       ||     1
       Draw Destruction  |       |       |     1 |       ||     1
  Use: Potion            |     1 |       |     2 |     1 ||     4
       Scroll            |       |     3 |    15 |       ||    18
 Stab: Sleeping          |       |       |     1 |       ||     1
  Eat: Chunk             |       |     7 |     8 |     2 ||    17
       Ration            |       |       |     2 |       ||     2
Armor: Robe              |     6 |    19 |     7 |       ||    32
       Skin              |       |     7 |    11 |     1 ||    19
Dodge: Dodged            |    24 |   172 |   204 |     8 ||   408

Table legend:
 A = Non-vault XP
 B = Vault XP
 C = Vault XP percentage of total XP
 D = Non-vault monster count
 E = Vault monster count
 F = Vault count percentage of total count
                 A         B        C        D         E       F
            +---------+---------+-------+---------+---------+-------
      Total |    3775 |    1705 |  31.1 |     102 |      17 |  14.3
            +---------+---------+-------+---------+---------+-------
        D:1 |      36 |       0 |   0.0 |      14 |       0 |   0.0
        D:2 |     136 |     262 |  65.8 |      26 |       6 |  18.8
        D:3 |      19 |       0 |   0.0 |       9 |       0 |   0.0
        D:5 |     857 |       0 |   0.0 |      14 |       0 |   0.0
        D:6 |     599 |       0 |   0.0 |      12 |       0 |   0.0
        D:7 |     718 |     501 |  41.1 |      19 |       1 |   5.0
        D:8 |    1410 |     942 |  40.1 |       8 |      10 |  55.6
            +---------+---------+-------+---------+---------+-------
